AoeStats
← Peaceful Dota Player

Glade

510602093Analyzed
1v1 RM · 20h ago on Oct 1, 2026· 29m 46s· 2 players
Game mode
Random Map
Map size
Tiny (2 player)
Population
200
Speed
Normal
Resources
Standard
Victory
Conquest
Starting age
Dark Age
Ending age
Imperial Age
RankedLock teamsTeams togetherTeam positionsShared explorationLock speedFull tech treeHidden civsTurbo modeCheats
Victory
Defeat
🇮🇳 Slavs · India
879
+16
🇲🇽 Saxons · Mexico
886
-16
Peaceful Dota Player
6:47 Loom
10:13 Feudal Age
11:15 Double-Bit Axe
11:34 Horse Collar
19:39 Castle Age
17:57 Fletching
19:32 Padded Archer Armor
19:29 Stone Mining
20:30 Bow Saw
20:23 Heavy Plow
20:27 Crossbowman
21:44 Gold Mining
21:59 Elite Skirmisher
23:13 Bodkin Arrow
24:11 Ballistics
26:09 Gold Shaft Mining
27:23 Forging
28:14 Wheelbarrow
28:54 Bloodlines
28:45 Husbandry
28:53 Town Watch
hidalGGO_36
10:13 Feudal Age
8:28 Loom
10:41 Double-Bit Axe
10:29 Man-at-Arms
22:51 Castle Age
24:40 Gold Mining
24:48 Long Swordsman
25:15 Gambesons
25:30 Squires
25:16 Arson
27:56 Pikeman
Connection lost

Rejoining the realm…

Still unreachable

The connection could not be restored.

Session expired

The server has moved on; the page needs a fresh start.